 Dungeon Crawl Stone Soup version 0.22-a0-162-g33bf127 (webtiles) character file.

8029 mhoghedin the Fighter (level 11, -8/95 HPs)
             Began as a Red Draconian Artificer on Feb 12, 2018.
             Was an Elder of Kikubaaqudgha.
             Mangled by a two-headed ogre
             ... wielding a +0 giant club
              (23 damage)
             ... on level 9 of the Dungeon.
             The game lasted 00:25:10 (11481 turns).

mhoghedin the Fighter (Red Draconian Artificer)    Turns: 11481, Time: 00:25:11

Health: -8/95      AC:  9    Str: 14    XL:     11   Next: 4%
Magic:  17/17      EV: 15    Int: 16    God:    Kikubaaqudgha [****..]
Gold:   497        SH:  0    Dex: 13    Spells: 8/18 levels left

rFire    + . .     SeeInvis .   a - +0 whip (elec)
rCold    . . .     Gourm    .   (no shield)
rNeg     . . .     Faith    .   (armour unavailable)
rPois    +         Spirit   .   (helmet restricted)
rElec    .         Reflect  .   (no cloak)
rCorr    .         Harm     .   j - +1 pair of gloves
MR       .....                  (no boots)
Stlth    ++........             z - amulet of rage {+Rage, !d}
HPRegen  0.25/turn              r - ring of poison resistance {rPois, !d}
MPRegen  0.15/turn              o - +2 ring of dexterity

@: berserk cooldown
A: breathe fire, unfitting armour, fire resistance 1, cold-blooded, AC +7
a: Breathe Fire, Receive Corpses, Renounce Religion, Evoke Berserk Rage


You were on level 9 of the Dungeon.
You worshipped Kikubaaqudgha.
Kikubaaqudgha was greatly pleased with you.
You were not hungry.

You visited 2 branches of the dungeon, and saw 11 of its levels.

You collected 497 gold pieces.

Inventory:

Hand Weapons
 a - a +0 whip of electrocution (weapon)
   (You took it off a kobold on level 1 of the Dungeon)
 b - a +2 whip of freezing
   (You took it off Pikel on level 6 of the Dungeon)
Missiles
 G - a throwing net {=f, !d}
Armour
 j - a +1 pair of gloves (worn)
   (You found it on level 1 of the Dungeon)
Jewellery
 o - a +2 ring of dexterity (right hand)
   (You found it on level 5 of the Dungeon)
 r - a ring of poison resistance (left hand) {rPois, !d}
   (You found it on level 3 of the Dungeon)
 t - an uncursed amulet of guardian spirit {Spirit}
   (You found it on level 3 of the Dungeon)
 x - an uncursed ring of positive energy {rN+}
   (You found it on level 3 of the Dungeon)
 z - an amulet of rage (around neck) {+Rage, !d}
   (You found it on level 6 of the Dungeon)
 N - an uncursed ring of wizardry {Wiz+, !d}
   (You found it on level 9 of the Dungeon)
Wands
 c - a wand of enslavement (1)
 d - a wand of disintegration (3)
   (You found it on level 5 of the Dungeon)
 y - a wand of flame (51)
 D - a wand of random effects (19)
   (You found it on level 7 of the Dungeon)
 E - a wand of digging (14)
   (You found it on level 7 of the Dungeon)
Scrolls
 e - 2 scrolls of enchant weapon
 g - 2 scrolls of teleportation
 i - a scroll of fear
 k - 3 scrolls of magic mapping {!r}
 m - 6 scrolls of identify
 n - 3 scrolls of remove curse
 q - 2 scrolls of noise {!r}
 A - 3 scrolls of enchant armour
 L - a scroll of fog
Potions
 h - 2 potions of cancellation
 l - a potion of mutation {!q}
 s - a potion of flight
 u - 3 potions of curing
 v - a potion of might
 w - a potion of ambrosia
 J - 2 potions of berserk rage {!q}
 K - 2 potions of brilliance
Books
 p - a book of Cantrips
   (You found it on level 2 of the Dungeon)
 C - Kikubaaqudgha's Grimoire of Dark Rituals
   (Kikubaaqudgha gifted it to you on level 7 of the Dungeon)

   Spells                             Type                      Level
   a - Animate Skeleton               Necromancy                   1
   b - Pain                           Necromancy                   1
   c - Sublimation of Blood           Necromancy                   2
   d - Vampiric Draining              Necromancy                   3
 H - Kikubaaqudgha's Grimoire of Black Rites
   (Kikubaaqudgha gifted it to you on level 8 of the Dungeon)

   Spells                             Type                      Level
   a - Animate Dead                   Necromancy                   4
   b - Excruciating Wounds            Charms/Necromancy            5
   c - Dispel Undead                  Necromancy                   5
   d - Simulacrum                     Ice/Necromancy               6
   e - Death Channel                  Necromancy                   6
Miscellaneous
 M - a box of beasts
 O - a sack of spiders
Comestibles
 f - 20 rations


   Skills:
 + Level 8.8 Fighting
   Level 1.0 Short Blades
 - Level 8.2 Maces & Flails
 + Level 5.4 Dodging
 - Level 0.8 Stealth
 - Level 4.3 Spellcasting
 - Level 7.0 Necromancy
 - Level 8.1 Evocations


You had 8 spell levels left.
You knew the following spells:

 Your Spells              Type           Power        Failure   Level  Hunger
a - Animate Dead          Necr           N/A          9%          4    ####...
m - Sublimation of Blood  Necr           ####......   1%          2    ##.....
x - Vampiric Draining     Necr           ####......   2%          3    ###....
A - Animate Skeleton      Necr           N/A          1%          1    None


Dungeon Overview and Level Annotations

Branches:
Dungeon (10/15)            Temple (1/1) D:4
   Lair: D:8-11         Orc: D:9-12

Altars:
Ashenzari
Cheibriados
Dithmenos
Elyvilon
Fedhas
Gozag
Hepliaklqana
Kikubaaqudgha
Makhleb
Nemelex Xobeh
Okawaru
Qazlal
Ru
Sif Muna
Trog
Uskayaw
Vehumet
Wu Jian
Xom
Yredelemnul
Zin
The Shining One


Innate Abilities, Weirdness & Mutations

You can breathe blasts of fire.
Your fiery red scales are hard. (AC +7)
You cannot fit into any form of body armour.
Your flesh is heat resistant. (rF+)
You are cold-blooded and may be slowed by cold attacks.


Message History

The killer bee closely misses you.
The killer bee stings you but does no damage.
The sky beast flickers out of sight!
Deactivating autopickup; reactivate with Ctrl-A.
The killer bee closely misses you. The killer bee misses you.
The killer bee completely misses you. The killer bee misses you.
The killer bee closely misses you.
You flicker back into view.
The killer bee closely misses you. The killer bee barely misses you.
The killer bee stings you.
You take 4 damage, and have 66/95 hp.
The killer bee barely misses you. The killer bee closely misses you.
The killer bee stings you but does no damage.
The killer bee stings you! The killer bee misses you.
The killer bee stings you but does no damage.
You take 7 damage, and have 60/95 hp.
The killer bee stings you but does no damage.
The killer bee completely misses you.
There is a stone staircase leading up, spattered with blood here.
The killer bee closely misses you. The killer bee barely misses you. x2
The killer bee completely misses you.
You climb upwards.
There is a stone staircase leading down here.
A red film seems to cover your vision as you go berserk!
You feel yourself moving faster!
You feel mighty!
You feel quite a bit more hungry.
The killer bee stings you but does no damage.
The killer bee stings you.
You are poisoned.
The killer bee poisons you! The killer bee barely misses you. x2
You now have 87/142 hp.
You whack the killer bee!
Lightning courses through the killer bee!
You kill the killer bee!
Kikubaaqudgha accepts your kill.
You feel sick. The killer bee misses you.
You take 1 damage, and have 86/142 hp.
You closely miss the killer bee.
The killer bee stings you but does no damage.
You miss the killer bee. The killer bee stings you.
You take 1 damage, and have 85/142 hp.
You are too injured to fight recklessly!
You are too injured to fight recklessly!
You are too injured to fight recklessly!
You are too injured to fight recklessly!
You are too injured to fight recklessly!
You closely miss the killer bee. The killer bee misses you.
You miss the killer bee.
The killer bee stings you but does no damage.
You whack the killer bee!
You feel sick. The killer bee barely misses you.
You take 1 damage, and have 85/142 hp.
You barely miss the killer bee. The killer bee misses you.
You miss the killer bee. The killer bee stings you.
You take 6 damage, and have 79/142 hp.
You whack the killer bee!
Lightning courses through the killer bee!
You kill the killer bee!
Kikubaaqudgha accepts your kill.
You feel sick.
You start resting.
You feel a strong urge to attack something.
Unknown command.
You start resting.
You are no longer berserk.
You are exhausted.
You feel yourself slow down.
You now have 53/95 hp.
You start resting.
You feel sick. x3
Your magical contamination has completely faded away.
MP restored: 17 Unknown command.
You start resting.
You feel sick.
You are no longer poisoned.
Unknown command.
You start resting.
A two-headed ogre comes into view. It is wielding two giant clubs.
You regained 4 hp, and now have 57/95 hp.
Unknown command.
The two-headed ogre shouts in stereo!
Aim: a two-headed ogre, wielding two giant clubs (chance to defeat MR: 76%)
The two-headed ogre barely resists.
Aim: a two-headed ogre, wielding two giant clubs (chance to defeat MR: 76%)
The two-headed ogre is blasted.
Aim: a two-headed ogre, wielding two giant clubs (heavily wounded, chance to defeat MR: 76%)
The two-headed ogre is blasted.
You feel yourself speed up.
You hit the two-headed ogre but do no damage.
The two-headed ogre hits you with a giant club!
The two-headed ogre hits you with a giant club!!
* * * LOW HITPOINT WARNING * * *
You take 45 damage, and have 15/95 hp.
MASSIVE DAMAGE!!
Unknown command.
You're still recovering from your berserk rage.
You hit the two-headed ogre. The two-headed ogre closely misses you.
The two-headed ogre hits you with a giant club!!
You die...
Kikubaaqudgha rasps: "You have failed me!
Welcome... death!"

######...#......#..........#....
#........#......#..........#....
#........#......#..........#....
#........'......#..........'....
#........#.....(#..........#....
#........########..........#....
#.....).....>..............#....
#....................#####.###..
#.............O@.....# #...#..
#..........######....# #...#..
#..........#....#....# #...#..
#..........#....#....# #..##..
#..........#....#....# #..#...
#.......<..#....#....#####..#...
#..........#....#......[.)..#...
#..........#....#.......)...####
#..........'....#.......).......


You could see a two-headed ogre.

Vanquished Creatures
  2 two-headed ogres
  Pikel (D:6)
  A cyclops (D:9)
  Joseph (D:9)
  3 molten gargoyles (D:10)
  A troll (D:9)
  2 hippogriffs
  A spriggan (D:7)
  A wyvern (D:9)
  A hungry ghost (D:8)
  Blork the orc (D:4)
  2 orc warriors
  A black bear (D:9)
  An ice beast (D:6)
  2 sky beasts
  The ghost of mhoghedin the Charmwright, an amateur GnSk of Uskayaw (D:4)
  3 ogres (D:8)
  8 centaurs
  A big kobold (D:8)
  6 bullfrogs
  A scorpion (D:8)
  A water moccasin skeleton (D:10)
  12 killer bees
  3 wights (D:8)
  3 crimson imps
  2 bullfrog zombies
  A hound (D:8)
  A centaur zombie (D:7)
  8 orc priests
  A jelly (D:8)
  8 orc wizards
  An iguana (D:8)
  5 worker ants
  2 hound zombies
  2 hound skeletons
  A mummy (D:7)
  10 gnolls
  3 adders
  2 shadow imps
  3 oozes
  An adder skeleton (D:7)
  A worm (D:3)
  5 dart slugs
  5 leopard geckos
  16 orcs
  10 bats
  5 giant cockroaches
  12 hobgoblins
  15 jackals
  5 quokkas
  3 ball pythons
  2 frilled lizards
  8 goblins
  18 kobolds
  3 kobold zombies (D:7)
  A leopard gecko skeleton (D:6)
  9 rats
229 creatures vanquished.

Vanquished Creatures (collateral kills)
  A molten gargoyle (D:10)
  A gnoll shaman (D:6)
  2 worker ants (D:4)
  3 gnolls
7 creatures vanquished.

Vanquished Creatures (others)
  An ogre (D:4)
  A hound (D:7)
  3 gnolls
  An orc (D:6)
  A jackal skeleton (D:6)
7 creatures vanquished.

Grand Total: 243 creatures vanquished

Notes
Turn   | Place    | Note
-------+----------+-------------------------------------------
     0 | D:1      | mhoghedin the Draconian Artificer began the quest for the Orb.
     0 | D:1      | Reached XP level 1. HP: 16/16 MP: 3/3
   250 | D:1      | Reached XP level 2. HP: 16/24 MP: 4/4
   275 | D:1      | Reached skill level 2 in Fighting
   585 | D:1      | Reached XP level 3. HP: 21/30 MP: 5/5
  1171 | D:2      | HP: 5/30 [adder (5)]
  1446 | D:2      | Reached skill level 1 in Maces & Flails
  1665 | D:2      | Reached XP level 4. HP: 37/37 MP: 6/6
  2039 | D:3      | Reached skill level 3 in Fighting
  2070 | D:3      | Reached skill level 4 in Evocations
  3015 | D:4      | Noticed Blork the orc
  3026 | D:4      | HP: 7/38 [something (6)]
  3394 | D:4      | Reached skill level 2 in Maces & Flails
  3394 | D:4      | Reached XP level 5. HP: 39/45 MP: 6/8
  3433 | D:4      | Noticed a centaur
  3496 | D:4      | Reached skill level 4 in Fighting
  3717 | D:4      | Found a staircase to the Ecumenical Temple.
  3731 | D:4      | Killed a centaur
  3731 | D:4      | Reached XP level 6. HP: 16/52 MP: 4/9
  3743 | D:4      | HP: 6/52 [ogre/giant club (22)]
  3816 | D:4      | Reached skill level 3 in Maces & Flails
  3834 | D:4      | Killed Blork the orc
  3834 | D:4      | Reached skill level 5 in Evocations
  4154 | D:4      | Noticed a sky beast
  4158 | D:4      | Killed a sky beast
  4158 | D:4      | Reached skill level 5 in Fighting
  4158 | D:4      | Your scales start taking on a fiery red colour.
  4158 | D:4      | Reached XP level 7. HP: 61/61 MP: 10/10
  4158 | D:4      | Gained mutation: Your flesh is heat resistant. (rF+) [Red Draconian growth]
  4184 | Temple   | Entered the Ecumenical Temple
  4338 | Temple   | Became a worshipper of Kikubaaqudgha
  4464 | D:4      | Noticed mhoghedin's ghost (amateur GnSk)
  4494 | D:4      | Killed mhoghedin's ghost
  4494 | D:4      | Reached skill level 4 in Maces & Flails
  4744 | D:5      | Entered Level 5 of the Dungeon
  5504 | D:6      | Noticed Pikel
  5512 | D:6      | Killed Pikel
  5512 | D:6      | Reached skill level 6 in Fighting
  5512 | D:6      | Reached skill level 5 in Maces & Flails
  5512 | D:6      | Reached XP level 8. HP: 68/71 MP: 11/11
  5580 | D:6      | Reached skill level 7 in Fighting
  5723 | D:6      | Reached skill level 6 in Maces & Flails
  6080 | D:6      | Found a hazy altar of Hepliaklqana.
  6107 | D:6      | Found a shattered altar of Ashenzari.
  6109 | D:6      | Found an ornate altar of the Wu Jian Council.
  6532 | D:7      | Reached skill level 6 in Evocations
  6548 | D:7      | Reached skill level 8 in Fighting
  6997 | D:7      | Reached * piety under Kikubaaqudgha
  6997 | D:7      | Identified Kikubaaqudgha's Grimoire of Dark Rituals (Kikubaaqudgha gifted it to you on level 7 of the Dungeon)
  6997 | D:7      | Received a gift from Kikubaaqudgha
  7003 | D:7      | HP: 16/74 [orc priest/divine providence (16)]
  7013 | D:7      | HP: 16/74 [sky beast (5)]
  7102 | D:7      | Reached skill level 7 in Maces & Flails
  7102 | D:7      | Reached XP level 9. HP: 38/81 MP: 13/13
  7306 | D:7      | Learned a level 1 spell: Animate Skeleton
  7309 | D:7      | Learned a level 2 spell: Sublimation of Blood
  7313 | D:7      | Learned a level 3 spell: Vampiric Draining
  7396 | D:7      | Found a hazy altar of Hepliaklqana.
  7453 | D:7      | Found a shadowy altar of Dithmenos.
  7453 | D:7      | Found a snail-covered altar of Cheibriados.
  7454 | D:7      | Found an opulent altar of Gozag.
  7530 | D:7      | Reached skill level 2 in Dodging
  7530 | D:7      | Reached skill level 1 in Necromancy
  8222 | D:7      | Got an ivory war axe
  8223 | D:7      | Identified the cursed +0 war axe "Haffob" {chop, *Contam rF++ SInv Stlth+} (You found it on level 7 of the Dungeon)
  8274 | D:8      | Reached skill level 2 in Necromancy
  8412 | D:8      | Noticed a two-headed ogre
  8419 | D:8      | Killed a two-headed ogre
  8419 | D:8      | Reached skill level 3 in Dodging
  8419 | D:8      | Reached skill level 3 in Necromancy
  8419 | D:8      | Reached skill level 7 in Evocations
  8478 | D:8      | Reached skill level 8 in Maces & Flails
  8482 | D:8      | Reached ** piety under Kikubaaqudgha
  8629 | D:8      | Reached skill level 4 in Dodging
  8708 | D:8      | Reached XP level 10. HP: 61/88 MP: 15/15
  8736 | D:8      | Reached skill level 4 in Necromancy
  9173 | D:8      | Reached skill level 8 in Evocations
  9547 | D:8      | Reached *** piety under Kikubaaqudgha
  9547 | D:8      | Identified Kikubaaqudgha's Grimoire of Black Rites (Kikubaaqudgha gifted it to you on level 8 of the Dungeon)
  9547 | D:8      | Received a gift from Kikubaaqudgha
  9672 | D:9      | Noticed a cyclops
  9696 | D:9      | Killed a cyclops
  9696 | D:9      | Reached skill level 1 in Spellcasting
  9696 | D:9      | Reached skill level 5 in Necromancy
  9707 | D:9      | Learned a level 4 spell: Animate Dead
  9826 | D:9      | Reached skill level 2 in Spellcasting
  9976 | D:9      | Noticed a two-headed ogre
  9988 | D:9      | Killed a two-headed ogre
  9988 | D:9      | Reached skill level 3 in Spellcasting
  9988 | D:9      | Reached skill level 6 in Necromancy
 10387 | D:9      | Noticed Joseph
 10397 | D:9      | Killed Joseph
 10397 | D:9      | Reached skill level 4 in Spellcasting
 10453 | D:9      | Reached skill level 7 in Necromancy
 10574 | D:10     | Entered Level 10 of the Dungeon
 10629 | D:10     | Noticed a molten gargoyle
 10638 | D:10     | Killed a molten gargoyle
 10638 | D:10     | Reached skill level 5 in Dodging
 10639 | D:10     | Noticed a molten gargoyle
 10644 | D:10     | Noticed a molten gargoyle
 10655 | D:10     | Killed a molten gargoyle
 10837 | D:10     | Noticed a molten gargoyle
 10847 | D:10     | Killed a molten gargoyle
 10856 | D:10     | Killed a molten gargoyle
 10926 | D:10     | Reached XP level 11. HP: 45/95 MP: 17/17
 10931 | D:10     | Reached **** piety under Kikubaaqudgha
 11474 | D:9      | Noticed a two-headed ogre
 11480 | D:9      | HP: 15/95 [two-headed ogre/giant club (28)]
 11481 | D:9      | Mangled by a two-headed ogre

Vault maps used:
D:1:      scummos_arrival_star, minivault_27, minmay_crystal_room
D:2:      first_ration
D:3:      minivault_14
D:4:      minmay_temple_entry_large_hall, uniq_blork_the_orc
D:5:      serial_glass, glass_columns_a, glass_columns_b
D:6:      wad_crossroads, overflow_temple_1_default, minitemple, uniq_pikel
D:7:      corexii_shantytown, gammafunk_temple_overflow_claw, basic_altar,
          the_bakery, serial_bayou_pond_b, serial_park_tiny_2,
          minmay_mini_ossuary
D:9:      uniq_joseph
D:10:     minivault_8
Temple:   regret_index_temple_sphere_string

Skill      XL: |  1  2  3  4  5  6  7  8  9 10 |
---------------+-------------------------------+-----
Fighting       | 2 3 4 5 6 8 |  8.8
Maces & Flails | 1 2 3 5 7 8 |  8.2
Evocations     | 4 5 6 7 8 |  8.1
Dodging        | 4 5 |  5.4
Necromancy     | 3 7 |  7.0
Spellcasting   | 4 |  4.3
Short Blades   | |  1.0
Stealth        | |  0.8

Action                   |  1- 3 |  4- 6 |  7- 9 | 10-12 || total
-------------------------+-------+-------+-------+-------++-------
Melee: Short sword       |    51 |       |       |       ||    51
       Tailslap          |    12 |    12 |    45 |    30 ||    99
       Whip              |    70 |   141 |   373 |   250 ||   834
 Cast: Animate Dead      |       |       |       |     1 ||     1
Invok: Receive Corpses   |       |       |       |     1 ||     1
 Abil: Evoke Berserk Rag |       |       |     6 |    13 ||    19
       Breathe Fire      |       |       |     1 |     3 ||     4
Evoke: Wand              |     2 |    22 |    18 |     8 ||    50
       Box of beasts     |       |       |       |     2 ||     2
  Use: Potion            |     2 |     4 |     1 |     1 ||     8
       Scroll            |       |       |    13 |    11 ||    24
 Stab: Sleeping          |     1 |     1 |     9 |     4 ||    15
  Eat: Chunk             |     2 |     4 |     8 |    14 ||    28
       Ration            |       |     1 |     4 |     3 ||     8
Armor: Skin              |    57 |    40 |    81 |    47 ||   225
Dodge: Dodged            |    80 |    99 |   173 |   199 ||   551

Table legend:
 A = Spawn XP
 B = Non-spawn XP
 C = Spawn XP percentage of total XP
 D = Spawn monster count
 E = Non-spawn monster count
 F = Spawn count percentage of total count
 G = Total turns spent on level
                    A         B        C        D         E        F      G
               +---------+---------+-------+---------+---------+-------+---------
         Total |       0 |   11471 |   0.0 |       0 |     236 |   0.0 | 11481
               +---------+---------+-------+---------+---------+-------+---------
           D:1 |       0 |      44 |   0.0 |       0 |      23 |   0.0 |   788
           D:2 |       0 |      63 |   0.0 |       0 |      18 |   0.0 |  1209
           D:3 |       0 |      84 |   0.0 |       0 |      28 |   0.0 |  1305
           D:4 |       0 |     668 |   0.0 |       0 |      16 |   0.0 |  1277
           D:5 |       0 |      79 |   0.0 |       0 |       2 |   0.0 |   736
           D:6 |       0 |    1387 |   0.0 |       0 |      22 |   0.0 |  1038
           D:7 |       0 |    1272 |   0.0 |       0 |      48 |   0.0 |  1744
           D:8 |       0 |    3223 |   0.0 |       0 |      42 |   0.0 |  1401
           D:9 |       0 |    3285 |   0.0 |       0 |      25 |   0.0 |  1239
          D:10 |       0 |    1366 |   0.0 |       0 |      12 |   0.0 |   579
               +---------+---------+-------+---------+---------+-------+---------

Vault maps used:
D:1:      scummos_arrival_star, minivault_27, minmay_crystal_room
D:2:      first_ration
D:3:      minivault_14
D:4:      minmay_temple_entry_large_hall, uniq_blork_the_orc
D:5:      serial_glass, glass_columns_a, glass_columns_b
D:6:      wad_crossroads, overflow_temple_1_default, minitemple, uniq_pikel
D:7:      corexii_shantytown, gammafunk_temple_overflow_claw, basic_altar,
          the_bakery, serial_bayou_pond_b, serial_park_tiny_2,
          minmay_mini_ossuary
D:9:      uniq_joseph
D:10:     minivault_8
Temple:   regret_index_temple_sphere_string

Table legend:
 A = Turns spent in this place as a percentage of turns spent in the entire game.
 B = Non-inter-level travel turns spent in this place as a percentage of non-inter-level travel turns spent in the entire game.
 C = Inter-level travel turns spent in this place as a percentage of turns spent in this place.
 D = Turns resting spent in this place as a percentage of non-inter-level travel turns spent in this place.
 E = Turns spent auto-exploring this place as a percentage of non-inter-level travel turns spent in this place.
 F = Non-inter-level travel turns spent in this place divided by the number of levels of this place that you've seen.
                   A       B       C       D       E      F
               +-------+-------+-------+-------+-------+----------------------
         Total | 100.0 | 100.0 |   3.9 |  28.3 |  51.3 | 1003.4
       Dungeon |  98.6 |  98.8 |   3.7 |  28.7 |  50.7 | 1090.0
        Temple |   1.4 |   1.2 |  17.0 |   0.0 |  98.5 | 137.0
               +-------+-------+-------+-------+-------+----------------------

Table legend:
 A = Kills in this place as a percentage of kills in entire the game.
 B = Kills by you in this place as a percentage of kills by you in the entire game.
 C = Kills by friends in this place as a percentage of kills by friends in the entire game.
 D = Other kills in this place as a percentage of other kills in the entire game.
 E = Experience gained in this place as a percentage of experience gained in the entire game.
 F = Experience gained in this place divided by the number of levels of this place that you have seen.
                   A       B       C       D       E      F
               +-------+-------+-------+-------+-------+----------------------
         Total | 100.0 | 100.0 | 100.0 |   N/A | 100.0 | 1042.8
       Dungeon | 100.0 | 100.0 | 100.0 |   N/A | 100.0 | 1147.1
               +-------+-------+-------+-------+-------+----------------------
